 Dungeon Crawl Stone Soup version 0.30-a0-777-ga9a30cbeda (webtiles) character file.

Game seed: 14943715911861683646

352 Esekla the Sneak (level 6, 0/32 HPs)
             Began as a Vine Stalker Delver on Feb 14, 2023.
             Was a Believer of Vehumet.
             Slain by an ice beast (9 damage)
             ... on level 5 of the Dungeon.
             The game lasted 00:28:23 (3657 turns).

Esekla the Sneak (Vine Stalker Delver)              Turns: 3657, Time: 00:28:23

Health: 0/32       AC:  6    Str: 14    XL:     6   Next: 62%
Magic:  0/10       EV: 12    Int: 12    God:    Vehumet [**....]
Gold:   139        SH:  0    Dex: 16    Spells: 7/9 levels left

rFire   . . .      SeeInvis +    a - +0 long sword
rCold   . . .      Faith    .    (no shield)
rNeg    . . .      Spirit   +    b - +0 leather armour
rPois   .          Reflect  .    (no helmet)
rElec   .          Harm     .    (no cloak)
rCorr   .          Rampage  .    l - +2 pair of gloves
Will    +....                    (no boots)
Stlth   +++                      (no amulet)
HPRegen 1.05/turn                n - ring of see invisible
MPRegen 0.12/turn                u - ring of willpower

@: no status effects
A: fangs 2, regeneration 1, magic shield, antimagic bite, no potion heal 2
a: Renounce Religion


You were on level 5 of the Dungeon.
You worshipped Vehumet.
Vehumet was pleased with you.
You visited 2 branches of the dungeon, and saw 6 of its levels.

You collected 139 gold pieces.

Inventory:

Hand Weapons
 a - a +0 long sword (weapon)
 r - a +0 spear
 s - a +0 dagger
Armour
 b - a +0 leather armour (worn)
 l - a +2 pair of gloves (worn)
Jewellery
 n - a ring of see invisible (left hand)
 u - a ring of willpower (right hand)
Wands
 g - a wand of digging (3)
 x - a wand of iceblast (8)
Scrolls
 c - 2 scrolls of fog
 h - 5 scrolls of identify {unknown}
 i - a scroll of enchant weapon {unknown}
 j - a scroll of immolation {unknown}
 k - a scroll of silence {unknown}
 m - 2 scrolls of noise {unknown}
 p - 2 scrolls of vulnerability {unknown}
 q - a scroll of magic mapping
 t - a scroll of teleportation {unknown}
 v - 2 scrolls of brand weapon {unknown}
 w - a scroll of poison {unknown}
Potions
 d - 2 potions of heal wounds {unknown}
 e - a potion of curing {unknown}
 f - a potion of haste
 o - a potion of berserk rage {unknown}


   Skills:
 * Level 3.5 Fighting
 + Level 0.4(2.1) Short Blades
 * Level 3.2(3.3) Long Blades
 + Level 1.4 Armour
 + Level 2.0 Dodging
 + Level 7.2 Stealth
 * Level 2.0 Spellcasting
 * Level 0.7 Air Magic
 * Level 1.2 Poison Magic


You had 7 spell levels left.
You knew the following spells:

 Your Spells              Type           Power      Damage    Failure   Level
v - Poisonous Vapours     Pois/Air       6%         N/A       34%         2

Your spell library contained the following spells:

 Spells                   Type           Power      Damage    Failure   Level
 Momentum Strike          Conj/Tloc      2%         3d8       45%         2
 Sting                    Tmut/Pois      8%         1d3       26%         1
 Foxfire                  Conj/Fire      4%         2x1d4     32%         1
 Kiss of Death            Conj/Necr      4%         2d5       32%         1
 Confusing Touch          Hex            1%         N/A       69%         3
 Portal Projectile        Hex/Tloc       2%         N/A       69%         3
 Tukima's Dance           Hex            1%         N/A       69%         3
 Olgreb's Toxic Radiance  Pois           4%         N/A       89%         4
 Dispel Undead            Necr           1%         3d6       97%         4
 Blade Hands              Tmut           0%         N/A       100%        5
 Fireball                 Conj/Fire      0%         3d3       100%        5
 Starburst                Conj/Fire      0%         6d3       100%        6


Dungeon Overview and Level Annotations

Branches:
Dungeon (5/15)             Temple (1/1) D:5

Altars:
Cheibriados
Dithmenos
Elyvilon
Fedhas
Gozag
Kikubaaqudgha
Okawaru
Qazlal
Sif Muna
Trog
Vehumet
Xom
Zin
The Shining One

Shops:
D:5 *

Annotations:
D:3 Sigmund


Innate Abilities, Weirdness & Mutations

You have extremely sharp teeth.
Your natural rate of healing is unusually fast.
When hurt, damage is shared between your health and your magic reserves.
Your bite disrupts and absorbs the magic of your enemies.
Potions cannot restore your health.


Message History

The adder is severely wounded.
The adder bites you but does no damage. The adder barely misses you.
You hit the adder.
You kill the adder!
Vehumet accepts your kill.
You feel your power returning.
You hit the ice beast.
The ice beast is lightly wounded.
The ice beast completely misses you.
You closely miss the ice beast.
The ice beast is lightly wounded.
The ice beast barely misses you.
You slash the ice beast!
You bite the ice beast, but do no damage.
The ice beast is heavily wounded.
The ice beast closely misses you. The ice beast hits you.
The ice beast freezes you!
You barely miss the ice beast.
The ice beast is heavily wounded.
The ice beast barely misses you.
You barely miss the ice beast.
The ice beast is heavily wounded.
The ice beast completely misses you.
You barely miss the ice beast.
The ice beast is heavily wounded.
The ice beast hits you. The ice beast freezes you!
You hit the ice beast. You punch the ice beast.
The ice beast is severely wounded.
The ice beast hits you but does no damage.
You hit the ice beast. You bite the ice beast. You drain its power.
You feel invigorated.
The ice beast is almost dead.
The ice beast completely misses you. The ice beast hits you.
The ice beast freezes you!
* * * LOW HITPOINT WARNING * * *
You barely miss the ice beast.
You bite the ice beast, but do no damage.
The ice beast is almost dead.
The ice beast hits you. The ice beast freezes you!
You die...

#.###.#..##.# #†# #.# #.#
#.......#####.####.#
#.###.#................#
#.....#..#.#.####.####.#****
#######...........# #.#*,,,
##.#.#)###### ##.#*,**
#...)## #..#*,* #.#)#######
*#.##*,*
#...@Y....#*#...#*,*
###.......##..?..#**
#######.#......?#**
#....._....., *#.#.......#..
*#..##g....###.
**....##...## *Y
**.....,*#g##***,
*..!....,,...,,,,


You could see an ice beast.

Vanquished Creatures
  An orc priest (D:3)
  2 hounds (D:5)
  3 iguanas (D:4)
  An orc wizard (D:3)
  3 gnolls (D:5)
  2 adders
  An ufetubus (D:4)
  3 worms
  5 dart slugs
  9 orcs
  5 ball pythons
  8 endoplasms
  4 giant cockroaches
  7 goblins
  5 hobgoblins
  3 jackals (D:3)
  A quokka (D:4)
  4 bats
  5 frilled lizards
  5 kobolds
  7 rats
84 creatures vanquished.

Notes
Turn   | Place    | Note
-------+----------+-------------------------------------------
     0 | D:5      | Esekla the Vine Stalker Delver began the quest for the Orb.
     0 | D:5      | Reached XP level 1. HP: 11/11 MP: 2/2
     6 | D:5      | Noticed a howler monkey
    53 | D:5      | Noticed a hound
    60 | D:5      | Found an iron altar of Okawaru.
   100 | D:5      | Noticed a hound
   117 | D:5      | Killed a hound
   118 | D:5      | Reached XP level 2. HP: 9/16 MP: 2/4
   118 | D:5      | Reached XP level 3. HP: 10/19 MP: 2/5
   178 | D:5      | Found a staircase to the Ecumenical Temple.
   190 | Temple   | Entered the Ecumenical Temple
   197 | Temple   | Became a worshipper of Vehumet
   341 | D:5      | Found Xudupseps's Assorted Antiques.
   767 | D:2      | Reached skill level 1 in Spellcasting
   783 | D:1      | Found a faded altar of an unknown god.
   866 | D:1      | Gained mutation: Your natural rate of healing is unusually
                  | fast. [Vine Stalker growth]
   866 | D:1      | Reached XP level 4. HP: 15/21 MP: 4/6
  1086 | D:1      | Reached * piety under Vehumet
  1086 | D:1      | Offered knowledge of Sandblast by Vehumet.
  1833 | D:3      | Noticed Sigmund
  2114 | D:4      | Reached skill level 7 in Stealth
  2160 | D:4      | Reached XP level 5. HP: 28/28 MP: 6/8
  2385 | D:3      | Learned a level 2 spell: Poisonous Vapours
  2625 | D:4      | Found a white marble altar of Elyvilon.
  2845 | D:4      | Reached skill level 1 in Armour
  2845 | D:4      | Reached XP level 6. HP: 32/32 MP: 9/9
  3482 | D:5      | Noticed an ice beast
  3498 | D:5      | Reached skill level 1 in Poison Magic
  3635 | D:5      | Reached ** piety under Vehumet
  3635 | D:5      | Offered knowledge of Momentum Strike by Vehumet.
  3657 | D:5      | Slain by an ice beast

Illustrated notes

Levels and vault maps discovered:
D:1:      dpeg_arrival_three_bigger_balls, layout_rooms,
          chequers_ecumenical_altar_island, grunt_decor_fettered
D:2:      layout_basic
D:3:      layout_basic, nicolae_wu_jian_immortal_techniques, uniq_sigmund
D:4:      layout_gridville, elyvilon_altar_1, nicolae_hexahallways
D:5:      layout_loops_ring, lemuel_round_altar, minmay_temple_entry_poolview,
          serial_shops, kennysheep_mini_moat
Temple:   nicolae_temple_no_exploring_needed

Skill      XL: |  1  2  3  4  5  6 |
---------------+-------------------+-----
Long Blades    | 2 3 |  3.2
Fighting       | 3 |  3.5
Spellcasting   | 1 2 |  2.0
Stealth        | 7 |  7.2
Dodging        | 2 |  2.0
Armour         | 1 |  1.4
Poison Magic   | 1 |  1.2
Short Blades   | |  0.4
Air Magic      | |  0.7

Action                     |  1- 3 |  4- 6 || total
---------------------------+-------+-------++-------
  Melee: Falchion          |    73 |    38 ||   111
         Bite              |    12 |    40 ||    52
         Punch             |     2 |     2 ||     4
         Dagger            |       |    22 ||    22
         Long sword        |       |   107 ||   107
  Evoke: Wand              |       |     2 ||     2
    Use: Scroll            |     1 |     1 ||     2
   Stab: Sleeping          |     7 |    14 ||    21
         Distracted        |       |     1 ||     1
 Armour: Leather armour    |    15 |    52 ||    67
  Dodge: Dodged            |    48 |   124 ||   172

Table legend: (Time is in decaauts)
 A = Elapsed time spent in this place.
 B = Non-inter-level travel time spent in this place.
 C = Inter-level travel time spent in this place.
 D = Time resting spent in this place.
 E = Time spent auto-exploring this place.
 F = Levels seen in this place.
 G = Mean time per level.
                   A        B        C        D        E       F      G
               +--------+--------+--------+--------+--------+-----+--------+
         Total |   3699 |   3600 |     99 |    535 |    794 |   6 |  616.5 |
       Dungeon |   3684 |   3585 |     99 |    535 |    794 |   5 |  736.8 |
        Temple |     14 |     14 |      0 |      0 |      0 |   1 |   14.0 |
               +--------+--------+--------+--------+--------+-----+--------+

Top non-repeatable levels by time:
     D:4: 1217 daAuts
     D:2: 872 daAuts
     D:5: 572 daAuts
     D:1: 517 daAuts
     D:3: 504 daAuts
  Temple: 14 daAuts
